 Dungeon Crawl Stone Soup version 0.26-a0-52-gd53d4cd058 (webtiles) character file.

Game seed: 8194229501377943138

303 Megalobster the Cleaver (level 6, -4/51 HPs)
             Began as a Minotaur Berserker on June 6, 2020.
             Was a Priest of Trog.
             Slain by Grinder (6 damage)
             ... on level 3 of the Dungeon.
             The game lasted 00:09:24 (3628 turns).

Megalobster the Cleaver (Minotaur Berserker)        Turns: 3628, Time: 00:09:24

Health: -4/51      AC:  4    Str: 24    XL:     6   Next: 15%
Magic:  5/5        EV: 12    Int:  4    God:    Trog [***...]
Gold:   163        SH:  0    Dex:  9    Spells: 5/5 levels left

rFire    . . .     SeeInvis .   t - +0 mace (protect)
rCold    . . .     Gourm    .   (no shield)
rNeg     . . .     Faith    .   f - +0 leather armour
rPois    .         Spirit   .   (helmet restricted)
rElec    .         Reflect  .   (no cloak)
rCorr    .         Harm     .   i - +0 pair of gloves
MR       +++..                  (no boots)
Stlth    +.........             (no amulet)
HPRegen  1.17/turn              l - ring of protection from magic
MPRegen  0.09/turn              (no ring)

@: berserk cooldown, regenerating, slowed, very slow
A: retaliatory headbutt, horns 2
a: Berserk, Trog's Hand, Renounce Religion


You were on level 3 of the Dungeon.
You worshipped Trog.
Trog was most pleased with you.
You were hungry.

You visited 1 branch of the dungeon, and saw 4 of its levels.

You collected 163 gold pieces.

Inventory:

Hand Weapons
 a - a +0 hand axe
 b - a +0 dagger of venom
 e - a +0 mace
 t - a +0 mace of protection (weapon)
Missiles
 g - 28 stones (quivered)
Armour
 f - a +0 leather armour (worn)
 i - a +0 pair of gloves (worn)
 j - a +0 animal skin
Jewellery
 l - a ring of protection from magic (left hand)
Scrolls
 d - 2 scrolls of remove curse {unknown}
 k - a scroll of identify {unknown}
 n - a scroll of blinking {unknown}
 u - a scroll of fear {unknown}
Potions
 h - 2 potions of curing {unknown}
 m - a potion of magic {unknown}
 o - 2 potions of brilliance {unknown}
 q - a potion of might {unknown}
 r - a potion of flight {unknown}
 s - 3 potions of heal wounds {unknown}
Comestibles
 c - 9 rations


   Skills:
 - Level 3.6 Fighting
 * Level 8.4 Axes
 - Level 2.4 Armour
 - Level 2.1 Dodging


You had 5 spell levels left.
You didn't know any spells.
Your spell library was empty.

Dungeon Overview and Level Annotations

Branches:
Dungeon (4/15)
 Temple: D:4-7

Altars:
Kikubaaqudgha
Okawaru
Ru
Sif Muna
Vehumet

Annotations:
D:3 Grinder


Innate Abilities, Weirdness & Mutations

You reflexively headbutt those who attack you in melee.
You have a pair of horns on your head.


Message History

Grinder is heavily wounded.
Grinder barely misses you.
Grinder blinks!
Grinder hits you!
You writhe in agony.
You take 13 damage, and have 30/51 hp.
MASSIVE DAMAGE!!
You closely miss Grinder.
Grinder is heavily wounded.
Grinder barely misses you.
You barely miss Grinder.
Grinder is heavily wounded.
Grinder hits you!
You writhe in agony.
Grinder hits you!
* * * LOW HITPOINT WARNING * * *
You writhe in agony.
* * * LOW HITPOINT WARNING * * *
You take 23 damage, and have 7/51 hp.
MASSIVE DAMAGE!!
Your skin crawls.
You feel resistant to hostile enchantments.
You feel quite a bit more hungry. Grinder hits you!
* * * LOW HITPOINT WARNING * * *
You writhe in agony.
You die...

#.. # .#.# .. #.
... . .
#.########.####.#..
#........$).......#
#.........#..#...#
#........#_#....#..
####
#.....?...#$......#
....
#.....>..5@......#
....
#.#..........##.#..
## # ############ #
# # #


You could see Grinder.

Vanquished Creatures
  Duvessa (D:4)
  Dowan (D:4)
  Robin (D:3)
  7 adders
  An ooze (D:2)
  2 dart slugs
  2 leopard geckos
  10 bats
  A giant cockroach (D:2)
  9 goblins
  9 hobgoblins
  7 jackals
  4 kobolds
  A ball python (D:1)
  9 frilled lizards
  7 rats
72 creatures vanquished.

Notes
Turn   | Place    | Note
-------+----------+-------------------------------------------
     0 | D:1      | Megalobster the Minotaur Berserker began the quest for the
                  | Orb.
     0 | D:1      | Reached XP level 1. HP: 19/19 MP: 0/0
    42 | D:1      | Reached skill level 4 in Axes
    49 | D:1      | Reached XP level 2. HP: 26/26 MP: 1/1
  1088 | D:2      | Reached ** piety under Trog
  1088 | D:2      | Reached skill level 5 in Axes
  1279 | D:2      | Reached XP level 3. HP: 27/31 MP: 2/2
  1743 | D:2      | Reached skill level 6 in Axes
  1743 | D:2      | Reached XP level 4. HP: 31/39 MP: 3/3
  2986 | D:3      | Noticed Robin
  2996 | D:3      | Killed Robin
  2996 | D:3      | Reached skill level 7 in Axes
  2996 | D:3      | Reached XP level 5. HP: 45/45 MP: 4/4
  3133 | D:3      | Found an ancient bone altar of Kikubaaqudgha.
  3142 | D:3      | Found a radiant altar of Vehumet.
  3153 | D:3      | Found a shimmering blue altar of Sif Muna.
  3185 | D:3      | Found a sacrificial altar of Ru.
  3219 | D:3      | You fall into a shaft and drop 1 floor!
  3219 | D:4      | Noticed Duvessa
  3219 | D:4      | Noticed Dowan
  3223 | D:4      | Killed Dowan
  3223 | D:4      | Reached *** piety under Trog
  3230 | D:4      | Killed Duvessa
  3230 | D:4      | Reached skill level 8 in Axes
  3230 | D:4      | Reached XP level 6. HP: 20/51 MP: 5/5
  3609 | D:3      | Found an iron altar of Okawaru.
  3609 | D:3      | Noticed Grinder
  3628 | D:3      | HP: 2/51 [Grinder (7)]
  3628 | D:3      | Slain by Grinder

Illustrated notes

Levels and vault maps discovered:
D:1:      dpeg_arrival_short_road, layout_basic, minmay_lizard_pond
D:2:      layout_basic, nicolae_overflow_hidden_temple, st_stairs_6
D:3:      layout_basic, grunt_temple_overflow_magic_moments,
          nicolae_ru_path_of_blood, okawaru_metal_pillars_1_2, first_ration,
          minmay_misc_feat_diagonals, uniq_robin, uniq_natasha, uniq_grinder,
          uniq_ijyb
D:4:      layout_loops_corners, kennysheep_mini, minmay_temple_entry_junction,
          uniq_pikel, uniq_duvessa

Skill      XL: |  1  2  3  4  5 |
---------------+----------------+-----
Axes           | 4 5 6 7 8 |  8.4
Fighting       | |  3.6
Armour         | |  2.4
Dodging        | |  2.1

Action                   |  1- 3 |  4- 6 || total
-------------------------+-------+-------++-------
Melee: Hand axe          |    51 |    13 ||    64
       Headbutt          |    10 |     7 ||    17
       Dagger            |    30 |    34 ||    64
       Mace              |       |    20 ||    20
Invok: Berserk           |     2 |     4 ||     6
       Trog's Hand       |       |     2 ||     2
  Eat: Chunk             |     4 |     3 ||     7
       Ration            |       |     2 ||     2
Armor: Animal skin       |     6 |       ||     6
       Leather armour    |    17 |    17 ||    34
Dodge: Dodged            |    57 |    38 ||    95

Table legend:
 A = Non-vault XP
 B = Vault XP
 C = Vault XP percentage of total XP
 D = Non-vault monster count
 E = Vault monster count
 F = Vault count percentage of total count
                 A         B        C        D         E       F
            +---------+---------+-------+---------+---------+-------
      Total |     158 |     276 |  63.6 |      50 |      22 |  30.6
            +---------+---------+-------+---------+---------+-------
        D:1 |      26 |       7 |  21.2 |      15 |       7 |  31.8
        D:2 |      76 |      20 |  20.8 |      23 |       2 |   8.0
        D:3 |      53 |      35 |  39.8 |      11 |      11 |  50.0
        D:4 |       3 |     214 |  98.6 |       1 |       2 |  66.7
            +---------+---------+-------+---------+---------+-------
